woodfighter, neutral female human Wizard ----- |<..--- ------ ------- --------------- |.....---|..... |.....| ------- |.............| --..|..[.|.---- |.(_..| |>....| --|---+--.----+| --.|-.....---- |..%..| ------ --....|--- |..|...|-.| .| ---.........|--- ---|--- |.)-.| ---..|..---|..|--.-..--- .| ---.|....|..----. |.| |..|.| ---.-.....-.--........--|- -----..|....|... |.| |..|.|-----......--.[..............| ------ |..|........ .---.-- ---|.-..||.......-|..--------|--..-- |%%.%| --......--- .......----- |.|..||...{....|--|........+|..-- |.).?| |........| ...........---|.|..|--.......| |!.)%!=[%[|...| ---[-- ----....-------...---......-|.|------....--| -----------...| ------.---...-|...-|..|..|-.).|..---...|.--..|...|....|------ |.......-- |..|-.........|..--|..|..|--.@j..|-....|........---...-|...(| |.------- |..-...............-|---|-----..-|.[........--....|-...-.(..| |.|...-. -----.....{....----[..............|...*.......|-...|...-|.((=| |.|...| |..............-- |-|--.---------.........--..|........|------ |.--|------- ||-----.........| |..[|.|.(((| --.......-----|...|....|--------..%..|....| |...| --..------- |...|.-.(((| ---...--- --..|...--......|...{..)..-.| |...| ---- ------|.(((| ----- -----.....----........|..|(| ----- ------ ------- --------------- woodfighter the Thaumaturge Experience level: 7 Strength: 11 Dexterity: 13 Constitution: 15 Intelligence: 14 Wisdom: 17 Charisma: 6 Health: 0(55) Energy: 91(91) Def: 1 Gold: 0 Moves: 3716 Dungeon seed: up3WQjtqv38mbinu Game ID: woodfighter_1448020288 Your Inventory: Weapons a - a blessed +1 quarterstaff (weapon in hands) Armor e - an uncursed +0 cloak of magic resistance (being worn) q - an uncursed +0 orcish helm Comestibles o - an uncursed eucalyptus leaf H - an uncursed tripe ration K - an uncursed lizard corpse S - an uncursed food ration Wands d - a wand of light (0:14) j - a wand of polymorph (0:8) u - a wand of teleportation (0:8) O - a wand of digging (0:8) Tools c - an uncursed lock pick h - an uncursed towel n - a +0 pick-axe s - an uncursed bag of holding Q - a blessed magic lamp (lit) Contents of the bag of holding: a cursed flint stone a cursed touchstone Spells and supernatural/magical abilities: Name Level Category Fail Memory a - force bolt 1 attack 0% 82% K - cure sickness 3 healing 100% 82% W - pray for help -- divine ? -- Your skills at the end: Miscellaneous Skills wands [Basic] Weapon Skills quarterstaff [Basic] Spellcasting Skills attack spells [Basic] enchantment spells [Basic] Final Attributes: You were devoutly aligned. You were magic-protected. You are dead. Vanquished creatures: a ghost a large dog a spotted jelly a lizard a black light 2 gnome kings 2 dwarf lords an ape a wood nymph an orc shaman a rock mole 2 shriekers 6 gnome lords a gnomish wizard a gray ooze a floating eye 2 kittens 7 dwarves a kobold lord an iguana 5 rothes a rabid rat a giant bat a monkey 3 orc zombies a wererat 2 werejackals a gas spore a hobbit a large kobold 2 geckos 2 giant rats a yellow mold 22 gnomes a gnome zombie 7 jackals 3 foxes 3 kobolds 4 newts a goblin 2 sewer rats 4 grid bugs 4 lichens 2 kobold zombies 110 creatures vanquished. Voluntary challenges: You did not adorn yourself with jewelry or accessories. You had been an atheist until turn 3686. You used a wielded weapon 133 times, starting on turn 55. You did not apply a unicorn horn. You read items or engraved 1 time, starting on turn 3700. You never genocided any monsters. You never polymorphed an object. You never changed form. You used no wishes. You never split a pudding. You never wrote Elbereth's name. You never violated your personal moral code. Dungeon overview: The Dungeons of Doom: levels 1 to 4 Level 1 some fountains a long staircase Level 2 Level 3 stairs to The Gnomish Mines Level 4 The Gnomish Mines: levels 4 to 7 Level 4 (locked box) stairs to The Dungeons of Doom Level 5 Level 6 Level 7 <- You were here many shops, a temple to Ptah, a magic chest, some fountains History has recorded: On T:1 you entered the Dungeons of Doom to retrieve the Amulet of Yendor! On T:87 you reached level 2 of The Dungeons of Doom. On T:388 you advanced to experience level 2. On T:646 you reached level 3 of The Dungeons of Doom. On T:752 you advanced to experience level 3. On T:1018 you reached level 4 of The Dungeons of Doom. On T:1062 you advanced to experience level 4. On T:1089 you reached level 1 of The Gnomish Mines. On T:1281 you reached level 2 of The Gnomish Mines. On T:1409 you advanced to experience level 5. On T:1647 you advanced to experience level 6. On T:2085 you reached level 3 of The Gnomish Mines. On T:2564 you advanced to experience level 7. On T:2620 you reached level 4 of The Gnomish Mines. On T:3682 you entered the Minetown temple On T:3690 you opened a magic chest. On T:3692 you opened a magic chest. On T:3694 you opened a magic chest. On T:3694 you opened a magic chest. On T:3699 you opened a magic chest. On T:3701 you opened a magic chest. Score breakdown: Gold: 0 ( 0 points) Experience: 7 levels ( 600 points) Exploration: 7 levels ( 180 points) Discoveries: 6 items ( 300 points) Variety of kills: 44 monsters ( 2000 points) Major goal: reached Minetown ( 500 points) Survival: died (score multiplied by 3) Total score: 10740 Latest messages: You put 3 uncursed white potions into the magic chest. You put an uncursed magic marker into the magic chest. b - 3 white potions. d - a platinum wand. f - a magic marker. You put an uncursed scroll labeled TEMOV into the magic chest. You put an uncursed scroll labeled LEP GEX VEN ZEA into the magic chest. You put a blessed scroll labeled GARVEN DEH into the magic chest. You put a blessed scroll labeled LEP GEX VEN ZEA into the magic chest. You put a blessed scroll of teleportation into the magic chest. You put an uncursed scroll labeled RATSANOPU into the magic chest. You put a blessed scroll labeled PRATYAVAYAH into the magic chest. You put an uncursed spellbook of cure sickness into the magic chest. You put a blessed spellbook of force bolt into the magic chest. You put a cursed milky potion into the magic chest. You put a cursed brilliant blue potion into the magic chest. You put an uncursed golden potion into the magic chest. You put an uncursed milky potion into the magic chest. You put an uncursed puce potion into the magic chest. You put an uncursed orange gem into the magic chest. You put an uncursed black gem into the magic chest. You put a cursed red gem into the magic chest. You put a cursed white gem into the magic chest. You put an uncursed violet gem into the magic chest. You hit the blue jelly. You are suddenly very cold! You die... Final status: Goodbye woodfighter the Wizard, killed by a blue jelly... You died in The Gnomish Mines on dungeon level 7 with 10740 points, and 0 pieces of gold, after 3716 moves. You were level 7 with a maximum of 55 hit points when you died.